 Dungeon Crawl Stone Soup version 0.29-a0-732-g3d7fbe0af2 (webtiles) character file.

Game seed: 2506831719365191915

97 coolguy69 the Chopper (level 4, -11/40 HPs)
             Began as a Hill Orc Berserker on Jan 7, 2022.
             Was a Believer of Trog.
             Mangled by Menkaure (16 damage)
             ... on level 4 of the Dungeon on June 29, 2022.
             The game lasted 00:03:18 (2851 turns).

coolguy69 the Chopper (Hill Orc Berserker)          Turns: 2851, Time: 00:03:18

Health: -11/40     AC: 11    Str: 21    XL:     4   Next: 68%
Magic:  4/4        EV:  6    Int:  7    God:    Trog [**....]
Gold:   55         SH:  0    Dex: 10    Spells: 3/3 levels left

rFire   . . .      SeeInvis .   m - +0 war axe
rCold   . . .      Faith    .   (no shield)
rNeg    . . .      Spirit   .   e - +0 plate armour
rPois   .          Reflect  .   (no helmet)
rElec   .          Harm     .   (no cloak)
rCorr   .          Rampage  .   (no gloves)
Will    .....                   (no boots)
Stlth   ..........              (no amulet)
HPRegen 0.13/turn               (no ring)
MPRegen 0.09/turn               (no ring)

@: on berserk cooldown, slowed, very slow
A: no striking features
a: Renounce Religion, Berserk, Trog's Hand


You were on level 4 of the Dungeon.
You worshipped Trog.
Trog was pleased with you.
You visited 1 branch of the dungeon, and saw 4 of its levels.

You collected 55 gold pieces.

Inventory:

Hand Weapons
 a - a +0 hand axe
 m - a +0 war axe (weapon)
Armour
 e - a +0 plate armour (worn)
Scrolls
 f - 2 scrolls of identify {unknown}
 i - a scroll of blinking {unknown}
 j - a scroll of enchant armour {unknown}
 k - a scroll of teleportation {unknown}
Potions
 b - a potion of resistance {unknown}
 c - 2 potions of curing {unknown}
 d - 2 potions of brilliance {unknown}
 g - a potion of degeneration {unknown}
 h - a potion of mutation {unknown}
 l - 2 potions of flight {unknown}


   Skills:
 - Level 4.0 Fighting
 + Level 6.6 Axes
 - Level 2.3 Armour
 - Level 1.6 Dodging


You had 3 spell levels left.
You didn't know any spells.
Your spell library was empty.

Dungeon Overview and Level Annotations

Branches:
Dungeon (4/15)
 Temple: D:4-7

Altars:
Uskayaw

Annotations:
D:4 Menkaure


Message History

Key pressed, stopping explore.
No target in view!
No target in view!
No target in view!
No target in view!
A kobold comes into view. It is wielding a +0 whip.
The kobold shouts!
You see here a +0 war axe.
The kobold closely misses you.
You barely miss the kobold. The kobold hits you but does no damage.
You barely miss the kobold. The kobold barely misses you.
You hit the kobold.
You kill the kobold!
Trog accepts your kill.
No target in view!
No target in view!
No target in view!
Menkaure, Prince of Dust comes into view.
You see here a +0 war axe.
You see here a +0 war axe.
m - a +0 war axe Menkaure casts a spell at you.
Pain shoots through your body!
m - a +0 war axe (weapon)
A red film seems to cover your vision as you go berserk!
You feel yourself moving faster!
You feel mighty!
You feel a strong urge to attack something.
You feel your anger nearly subside.
You closely miss Menkaure. You barely miss Menkaure. Menkaure hits you.
You closely miss Menkaure.
You are no longer berserk.
You are exhausted.
You feel yourself slow down. Menkaure hits you.
You hit Menkaure but do no damage. Menkaure hits you!!
* * * LOW HITPOINT WARNING * * *
You slash Menkaure!
Menkaure is heavily damaged.
Menkaure hits you!
You die...

########'#####..
#...'..#
#...#..#
#..##..#
##+##..## ##...#
#....+ #..M.#
##<@.# #...#
#.....).#
....?.....#
..........#
##..###..## #..
#..# #.. .... #.
....


You could see Menkaure.

Vanquished Creatures
  3 gnolls (D:2)
  3 adders
  A dart slug (D:2)
  7 bats
  2 endoplasms
  2 giant cockroaches
  3 goblins
  3 hobgoblins
  3 jackals (D:1)
  A ball python (D:4)
  2 frilled lizards
  4 kobolds
  5 rats
39 creatures vanquished.

Vanquished Creatures (others)
  2 plants (D:1)
2 creatures vanquished.

Grand Total: 41 creatures vanquished

Notes
Turn   | Place    | Note
-------+----------+-------------------------------------------
     0 | D:1      | coolguy69 the Hill Orc Berserker began the quest for the
                  | Orb.
     0 | D:1      | Reached XP level 1. HP: 19/19 MP: 1/1
   241 | D:1      | Upgraded the game from 0.28-a0-1412-gf95308ed99 to
                  | 0.28-a0-1415-g7c84da036a
   241 | D:1      | Upgraded the game from 0.28-a0-1415-g7c84da036a to
                  | 0.29-a0-732-g3d7fbe0af2
   488 | D:1      | Reached XP level 2. HP: 27/27 MP: 2/2
  1484 | D:2      | Reached skill level 5 in Axes
  1484 | D:2      | Reached XP level 3. HP: 17/33 MP: 3/3
  1716 | D:2      | Reached XP level 4. HP: 14/40 MP: 4/4
  2073 | D:2      | Reached skill level 6 in Axes
  2690 | D:3      | You fall into a shaft and drop 1 floor!
  2707 | D:4      | Found a hide-covered altar of Uskayaw.
  2762 | D:4      | Reached ** piety under Trog
  2837 | D:4      | Noticed Menkaure
  2851 | D:4      | Mangled by Menkaure

Illustrated notes

Levels and vault maps discovered:
D:1:      shiori_arrival_elements, layout_basic,
          corexii_item_surrounded_by_moat, serial_bayou_lake_a
D:2:      cheibrodos_old_hovel, layout_basic
D:3:      layout_loops_ring, nicolae_ru_awakened_eye, grunt_qazlal_clouds
D:4:      layout_gridville, gammafunk_temple_overflow_claw,
          mainiacjoe_overflow_six_doors_small, uniq_menkaure

Skill      XL: |  1  2  3  4 |
---------------+-------------+-----
Fighting       | 4 |  4.0
Axes           | 5 6 |  6.6
Armour         | |  2.3
Dodging        | |  1.6

Action                   |  1- 3 |  4- 6 || total
-------------------------+-------+-------++-------
Melee: Hand axe          |    80 |    53 ||   133
       War axe           |       |     5 ||     5
Invok: Berserk           |     1 |     1 ||     2
Armor: Animal skin       |     5 |       ||     5
       Ring mail         |    38 |       ||    38
       Plate armour      |    13 |    29 ||    42
Dodge: Dodged            |    61 |    14 ||    75

Table legend: (Time is in decaauts)
 A = Elapsed time spent in this place.
 B = Non-inter-level travel time spent in this place.
 C = Inter-level travel time spent in this place.
 D = Time resting spent in this place.
 E = Time spent auto-exploring this place.
 F = Levels seen in this place.
 G = Mean time per level.
                   A        B        C        D        E       F      G
               +--------+--------+--------+--------+--------+-----+--------+
         Total |   2897 |   2743 |    154 |    276 |   2118 |   4 |  724.2 |
       Dungeon |   2897 |   2743 |    154 |    276 |   2118 |   4 |  724.2 |
               +--------+--------+--------+--------+--------+-----+--------+

Top non-repeatable levels by time:
     D:1: 1492 daAuts
     D:2: 1199 daAuts
     D:4: 158 daAuts
     D:3: 46 daAuts
